Map: Blackpink LE

Players

Solar - Winner!

  • Race: Zerg Zerg
  • League: Master
  • Spawn Location: 7:00

TYTY (TY)

  • Race: Terran Terran
  • League: Master
  • Spawn Location: 1:00

Event: Memes & Dreams Invitational

VOD

https://www.youtube.com/watch?v=tOBkAAYuiik

Description

Time

  • Played on: April 15, 2018, 6:16 a.m.
  • Length: 14:16

All games in this series

Show
View Real Time Build Order
Export as new Build Order

Solar Zerg - Winner!

Build Orders: Hatch First 

Get SALT Encoding   

  12  0:01  Drone  
  13  0:14  Overlord  
  13  0:17  Drone  
  14  0:32  Drone x2  
  16  0:35  Drone  
  17  0:53  Hatchery  
  17  0:56  Drone  
  17  0:58  Drone  
  17  1:03  Extractor  
  17  1:13  Spawning Pool  
  17  1:16  Drone  
  17  1:19  Drone  
  18  1:31  Drone  
  19  1:43  Drone  
  20  1:50  Overlord  
  20  2:00  Queen  
  22  2:04  Queen  
  22  2:05  Zergling x4  
  22  2:06  Metabolic Boost  
  26  2:24  Hatchery  
  26  2:26  Drone  
  26  2:29  Drone  
  27  2:32  Drone  
  27  2:36  Drone  
  29  2:38  Drone  
  29  2:40  Drone  
  31  2:49  Queen  
  33  2:53  Overlord  
  33  2:57  Drone  
  34  2:59  Drone  
  34  3:01  Drone  
  36  3:14  Drone x2  
  36  3:18  Drone x2  
  40  3:22  Drone x2  
  40  3:23  Drone  
  43  3:29  Overlord  
  43  3:32  Drone  
  44  3:37  Drone  
  44  3:40  Queen  
  46  3:44  Zergling x6  
  49  3:49  Zergling x2  
  49  3:50  Drone x2  
  49  3:54  Queen  
  53  3:56  Overlord  
  53  3:58  Drone x2  
  53  4:00  Drone  
  53  4:02  Drone  
  57  4:04  Drone  
  57  4:15  Overlord  
  57  4:16  Drone x2  
  59  4:19  Drone x2  
  59  4:20  Drone  
  59  4:23  Queen  
  64  4:30  Evolution Chamber  
  64  4:31  Drone x2, Evolution Chamber  
  65  4:32  Drone  
  65  4:34  Drone x2  
  65  4:35  Drone  
  65  4:36  Drone x3  
  71  4:40  Overlord  
  71  4:44  Extractor, Overlord  
  70  4:47  Overlord  
  70  4:49  Overlord  
  70  4:54  Overlord  
  70  4:57  Zerg Ground Armor Level 1, Zerg Melee Weapons Level 1  
  70  4:59  Drone x3  
  73  5:03  Zergling x4  
  75  5:12  Hatchery  
  75  5:13  Zergling x2  
  75  5:14  Zergling x6  
  78  5:17  Zergling x4  
  78  5:19  Lair  
  80  5:23  Baneling Nest  
  80  5:24  Extractor x2  
  80  5:25  Drone x2  
  80  5:27  Drone  
  80  5:29  Drone  
  80  5:32  Extractor, Drone x4  
  80  5:35  Drone  
  85  5:36  Drone x2  
  85  5:40  Overlord  
  85  5:42  Drone x2  
  89  5:49  Drone x2  
  91  5:55  Zergling x6  
  94  6:01  Spore Crawler, Zergling x2  
  94  6:05  Zergling x4  
  94  6:08  Baneling  
  94  6:09  Baneling x7  
  96  6:11  Overlord  
  96  6:14  Zergling x6  
  96  6:15  Zergling x12  
  105  6:19  Drone, Centrifical Hooks  
  105  6:22  Hydralisk Den  
  105  6:24  Zergling x2  
  105  6:25  Zergling x2  
  107  6:26  Baneling x2, Queen  
  107  6:27  Overseer  
  107  6:29  Overlord  
  107  6:31  Zergling x2  
  110  6:40  Zergling x8  
  110  6:44  Overlord x2  
  110  6:45  Zergling x2  
  115  6:47  Zergling x14  
  115  6:52  Zergling x4  
  124  6:56  Overlord  
  124  6:58  Overlord  
  124  6:59  Overlord  
  121  7:01  Drone  
  121  7:07  Zerg Ground Armor Level 2  
  121  7:08  Drone, Zerg Melee Weapons Level 2, Grooved Spines  
  122  7:12  Drone x2  
  122  7:13  Drone x4  
  122  7:14  Drone x2  
  122  7:15  Drone x2  
  133  7:16  Drone x2  
  133  7:18  Extractor  
  133  7:19  Hydralisk  
  133  7:21  Hydralisk x2  
  140  7:28  Hydralisk x2  
  140  7:29  Infestation Pit  
  143  7:34  Overlord  
  143  7:36  Pneumatized Carapace  
  143  7:38  Hydralisk  
  143  7:39  Zergling x2  
  142  7:45  Zergling x2  
  142  7:46  Zergling x8  
  142  7:49  Baneling x2  
  142  7:50  Zergling x2  
  144  7:52  Hatchery  
  144  7:53  Baneling x3, Overlord  
  144  7:54  Zergling x2  
  144  7:57  Zergling x8  
  145  8:06  Zergling x14  
  148  8:13  Drone x2  
  148  8:14  Drone  
  148  8:15  Drone  
  146  8:20  Hydralisk x2  
  146  8:24  Hydralisk x2, Muscular Augments  
  152  8:32  Hive  
  152  8:33  Extractor, Zergling x8  
  152  8:34  Spire, Zergling x12  
  161  8:35  Zergling x4  
  161  8:36  Overlord  
  161  8:39  Baneling x4  
  161  8:40  Baneling x2  
  162  8:41  Baneling  
  162  8:42  Zergling x2  
  162  8:43  Zergling x4  
  162  8:47  Drone  
  165  8:53  Zergling x6  
  167  9:00  Zergling x12  
  170  9:04  Zergling x12  
  170  9:08  Zergling x2  
  170  9:09  Zergling x8  
  179  9:10  Baneling x2  
  179  9:11  Baneling x4  
  179  9:15  Zergling x2  
  179  9:16  Zergling x2  
  181  9:24  Zergling x8  
  183  9:25  Baneling x10  
  183  9:26  Extractor  
  183  9:27  Zergling x2  
  183  9:28  Zergling x10  
  190  9:34  Overlord  
  190  9:35  Overlord  
  190  9:38  Zergling x12  
  187  9:40  Zergling x2  
  187  9:41  Zergling x2  
  194  9:46  Adrenal Glands, Greater Spire  
  194  9:51  Viper  
  194  9:52  Overlord  
  197  9:55  Viper  
  197  9:58  Zergling x12  
  197  9:59  Zergling x8  
  195  10:07  Zergling x12  
  169  10:31  Zergling x32  
  181  10:35  Baneling  
  181  10:36  Baneling x10  
  181  10:42  Baneling  
  181  10:43  Baneling x2  
  181  10:47  Zerg Ground Armor Level 3, Zerg Missile Weapons Level 1  
  181  10:48  Zergling x2  
  181  10:49  Zergling x22  
  193  10:54  Zergling x4  
  195  10:59  Zergling x6  
  197  11:06  Zergling x6  
  197  11:08  Zerg Flyer Weapons Level 1  
  197  11:10  Baneling x8  
  197  11:11  Baneling x15  
  188  11:40  Corruptor  
  188  11:41  Corruptor x6  
  154  11:50  Infestor  
  154  11:51  Infestor x2  
  154  11:53  Zergling x24  
  170  12:00  Zergling x2  
  166  12:03  Zergling x4  
  167  12:13  Zergling x2  
  167  12:14  Zergling x8  
  167  12:18  Spine Crawler  
  167  12:19  Brood Lord x4  
  167  12:22  Zergling x6  
  177  12:27  Brood Lord  
  179  12:31  Brood Lord  
  181  12:37  Brood Lord  
  181  12:41  Overseer  
  181  12:42  Zergling x2  
  181  12:43  Zergling x24  
  196  12:47  Baneling  
  196  12:48  Baneling x6  
  196  12:50  Zergling x6  
  193  12:58  Zergling x4  
  193  12:59  Zergling x10  
  193  13:01  Baneling  
  193  13:02  Baneling x6  
  196  13:06  Zergling x4  
  196  13:07  Zergling x4  
  196  13:09  Baneling x5  
  196  13:11  Baneling x4  
  196  13:16  Zergling x2  
  169  13:20  Zergling x6  
  165  13:27  Zergling x6  
  165  13:30  Zergling x2  
  165  13:31  Zergling x2  
  168  13:35  Zergling x2  
  168  13:36  Zergling x4  
  168  13:38  Zergling x4  
  172  13:42  Zergling x6  
  172  13:49  Zergling x8  
  158  14:07  Hatchery  
Show
View Real Time Build Order
Export as new Build Order

TYTY Terran 

Build Orders: Hellion Opening, Reaper Expand, Bio Mine 

Get SALT Encoding   

  12  0:00  SCV  
  13  0:12  SCV  
  14  0:17  Supply Depot  
  14  0:25  SCV  
  15  0:39  SCV  
  15  0:41  Barracks  
  16  0:42  Refinery  
  16  0:51  SCV  
  17  1:03  SCV  
  18  1:15  SCV  
  19  1:28  Reaper  
  19  1:29  Orbital Command  
  20  1:39  Command Center  
  20  1:48  Supply Depot  
  20  1:54  SCV  
  20  1:59  Marine  
  22  2:03  Factory  
  22  2:07  SCV  
  23  2:13  Refinery  
  23  2:19  SCV  
  23  2:20  Barracks Reactor  
  24  2:31  SCV  
  25  2:43  SCV  
  26  2:51  Orbital Command  
  26  2:52  Starport  
  26  2:55  SCV  
  29  2:58  Hellion  
  29  2:59  Hellion  
  29  3:03  Barracks Tech Lab  
  31  3:07  SCV  
  32  3:17  SCV  
  32  3:19  SCV  
  36  3:20  Hellion x2  
  38  3:29  SCV  
  38  3:31  SCV  
  40  3:34  Raven  
  40  3:35  Supply Depot  
  42  3:42  Hellion x2  
  46  3:51  SCV x2  
  46  3:59  Barracks Tech Lab  
  46  4:01  Command Center  
  46  4:03  SCV x2  
  47  4:15  SCV x2  
  47  4:17  Stimpack  
  47  4:18  Barracks  
  47  4:25  Supply Depot  
  47  4:27  Barracks, Siege Tank, SCV  
  47  4:30  SCV  
  47  4:31  Starport Reactor  
  52  4:32  Marine  
  53  4:39  SCV  
  53  4:43  Supply Depot  
  54  4:46  SCV  
  54  4:50  Marine, Engineering Bay  
  54  4:51  SCV, Engineering Bay  
  57  4:58  SCV  
  58  5:03  SCV, Refinery  
  62  5:08  Marine  
  62  5:09  Refinery  
  62  5:11  SCV  
  64  5:15  SCV, Starport Reactor, Orbital Command  
  64  5:18  Terran Infantry Weapons Level 1, Terran Infantry Armor Level 1  
  64  5:20  Marine x2  
  64  5:24  Marine x2  
  64  5:26  Marine, SCV  
  64  5:27  SCV  
  69  5:34  Orbital Command  
  69  5:35  Siege Tank  
  72  5:37  Marine  
  72  5:38  Marine, SCV  
  72  5:39  SCV  
  72  5:42  Marine  
  79  5:50  SCV  
  79  5:51  Medivac  
  79  5:52  SCV  
  79  5:53  Supply Depot, Medivac  
  79  5:54  Supply Depot  
  85  5:57  Marine x2  
  85  5:59  Supply Depot  
  85  6:00  Supply Depot  
  85  6:10  Supply Depot  
  85  6:11  Supply Depot  
  85  6:14  Marine x3, SCV x2  
  85  6:15  Siege Tank  
  85  6:18  Combat Shields  
  93  6:20  Liberator  
  93  6:22  SCV  
  94  6:26  SCV, Armory  
  94  6:30  Marine x2  
  94  6:32  Marine, SCV  
  99  6:35  SCV  
  99  6:38  Marine x2  
  105  6:44  Supply Depot  
  105  6:45  SCV x2  
  105  6:47  SCV  
  108  6:48  Marine x2  
  108  6:50  Marine  
  111  6:56  Siege Tank  
  111  6:57  Marine x2, SCV x2  
  118  7:01  Supply Depot  
  118  7:06  Marine x2  
  118  7:07  Marine  
  117  7:09  SCV x2  
  117  7:14  Terran Infantry Weapons Level 2  
  117  7:15  Barracks x2  
  119  7:16  Marine x2  
  119  7:20  Refinery  
  119  7:22  Medivac x2, SCV x2  
  127  7:24  Marine x2, Supply Depot  
  127  7:27  Marine  
  130  7:33  Marine x2  
  130  7:35  Siege Tank  
  130  7:36  SCV  
  130  7:37  SCV  
  137  7:41  Supply Depot  
  137  7:42  Marine x2  
  139  7:45  Marine  
  139  7:51  Marine x2, Terran Infantry Armor Level 2  
  140  7:54  SCV x2  
  140  7:55  SCV  
  142  7:59  Supply Depot, Marine  
  142  8:00  Marine  
  142  8:02  Marine, Barracks Reactor  
  145  8:07  Siege Tank, Barracks Reactor  
  145  8:08  SCV x2  
  145  8:09  Marine x2  
  149  8:17  Marine, SCV  
  143  8:20  SCV  
  143  8:21  Marine  
  143  8:22  Marine  
  143  8:26  Command Center  
  144  8:27  Marine x2  
  144  8:31  Liberator  
  144  8:33  Refinery  
  144  8:35  Marine  
  144  8:36  Factory  
  144  8:39  Marine x4, Siege Tank  
  152  8:44  Supply Depot  
  152  8:45  Marine  
  152  8:46  SCV x2  
  152  8:47  Liberator  
  158  8:55  Marine x4  
  158  9:06  Marine x3  
  158  9:09  Supply Depot  
  162  9:10  Supply Depot, Terran Vehicle Weapons Level 1  
  162  9:17  SCV, Ghost Academy  
  165  9:18  SCV x2  
  165  9:20  Factory Tech Lab  
  168  9:26  Factory Reactor  
  168  9:28  Widow Mine, Drilling Claws  
  168  9:31  Marauder  
  169  9:32  Barracks x2, Medivac, Unknown x3  
  169  9:36  Barracks  
  170  9:43  Marine x3  
  167  9:46  Sensor Tower  
  167  9:47  Medivac  
  167  9:52  Terran Infantry Weapons Level 3, Marauder  
  170  9:57  SCV x2  
  170  9:58  SCV  
  170  9:59  Widow Mine  
  168  10:08  Medivac, Widow Mine x2  
  168  10:10  SCV x2  
  175  10:14  Refinery  
  175  10:15  Missile Turret, Refinery  
  175  10:17  Medivac  
  175  10:19  Barracks Tech Lab  
  175  10:20  Barracks Tech Lab  
  175  10:21  Widow Mine  
  148  10:32  Unknown  
  148  10:33  Widow Mine x2  
  150  10:38  Medivac  
  150  10:40  Command Center  
  152  10:46  Barracks Tech Lab  
  152  10:47  Medivac, Concussive Shells, Marauder  
  152  10:48  Marauder x2  
  160  10:52  Widow Mine  
  160  10:54  SCV x2, Widow Mine  
  160  10:55  Widow Mine  
  168  10:58  Sensor Tower  
  167  11:08  Medivac  
  167  11:09  Marine x2, Marauder x3  
  167  11:10  Marine x4  
  179  11:14  Widow Mine  
  180  11:21  Supply Depot  
  180  11:22  Supply Depot  
  180  11:26  Widow Mine  
  180  11:27  Widow Mine  
  177  11:38  Marine x3, Marauder x2  
  181  11:41  Widow Mine  
  160  11:48  SCV x2, Widow Mine  
  160  11:50  Marine x2  
  160  11:51  Marine, Marauder x2  
  160  11:52  Planetary Fortress  
  171  11:59  Marauder  
  169  12:03  Liberator x2  
  169  12:05  SCV x3  
  169  12:06  Widow Mine x2  
  172  12:16  Widow Mine  
  172  12:21  Marine x2  
  184  12:25  Ghost x2  
  184  12:26  Ghost  
  184  12:35  Command Center  
  184  12:36  Refinery  
  180  12:47  Marine x3, Marauder  
  180  12:48  Marine x2  
  187  12:54  Ghost, Marauder  
  187  12:55  Marauder  
  187  12:56  Widow Mine  
  187  12:57  Widow Mine  
  197  13:01  Command Center  
  197  13:05  Marine x2  
  188  13:06  Marine x2  
  188  13:07  Marine x2  
  188  13:08  Ghost  
  188  13:11  SCV x2, Widow Mine  
  188  13:12  SCV  
  199  13:18  Widow Mine  
  190  13:22  Marine x4  
  190  13:26  Marine x4  
  185  13:37  Marine x2  
  185  13:38  Marauder x2, Viking x2  
  185  13:39  Widow Mine x2  
  185  13:40  Marine, Marauder  
  185  13:41  Marine x2  
  197  13:44  Marine x3  
  197  13:47  Marine  
  196  13:55  Marine x2  
  168  13:58  Marine  
Tags
 
Add a new tag
Caveats
  • Supply blocks, unpowered buildings, or Contaminate may cause inaccurate times.
  • Supply counts are checked every 10 seconds.